AoeStats
← FkeVriX

Oasis

509956638Analyzed
3v3 RM · 2d ago on Sep 28, 2026· 26m 42s· 6 players
Game mode
Random Map
Map size
Normal (6 player)
Population
200
Speed
Normal
Resources
Standard
Victory
Conquest
Starting age
Dark Age
Ending age
Imperial Age
RankedLock teamsTeams togetherTeam positionsShared explorationLock speedFull tech treeHidden civsTurbo modeCheats
Victory
Defeat
🇮🇹 Japanese · Italy
1415
+14
🇮🇹 Berbers · Italy
1378
+15
🇮🇹 Gurjaras · Italy
1367
+16
🇮🇳 Celts · India
1374
-15
🇨🇴 Turks · Colombia
1363
-15
🇲🇽 Poles · Mexico
1362
-15
luislm6621
5:24 Loom
9:30 Feudal Age
9:34 Man-at-Arms
12:01 Town Watch
19:19 Wheelbarrow
19:11 Horse Collar
23:08 Castle Age
RockAxe8716
5:32 Loom
8:49 Feudal Age
9:34 Double-Bit Axe
9:31 Horse Collar
20:08 Castle Age
21:42 Bow Saw
21:25 Gambesons
21:27 Arson
21:08 Man-at-Arms
22:07 Arson
22:28 Scale Mail Armor
22:40 Forging
FkeVriX
7:09 Loom
9:58 Feudal Age
10:30 Double-Bit Axe
13:08 Horse Collar
20:20 Wheelbarrow
24:34 Castle Age
22:47 Gold Mining
23:46 Bloodlines
23:44 Scale Barding Armor
ITA | Frades89
2:31 Loom
9:15 Feudal Age
9:49 Double-Bit Axe
18:16 Loom
20:46 Horse Collar
23:40 Forging
24:32 Bloodlines
28:59 Castle Age
ITA | tonypolik
6:20 Loom
8:45 Feudal Age
10:17 Double-Bit Axe
14:49 Fletching
23:28 Castle Age
22:11 Horse Collar
22:49 Padded Archer Armor
22:48 Gold Mining
23:35 Crossbowman
24:11 Bodkin Arrow
24:37 Bow Saw
26:28 Thumb Ring
ITA | GiaggiaZena
7:13 Loom
9:47 Feudal Age
11:33 Double-Bit Axe
21:37 Castle Age
21:41 Bloodlines
22:11 Wheelbarrow
25:52 Scale Barding Armor
27:00 Chain Barding Armor
Connection lost

Rejoining the realm…

Still unreachable

The connection could not be restored.

Session expired

The server has moved on; the page needs a fresh start.